 Dungeon Crawl Stone Soup version 0.27-a0-1359-ga2a4dfd6fd (webtiles) character file.

Game seed: 14822565500983985260

56 ABBCCCDDDD the Sneak (level 4, -1/29 HPs)
             Began as a Kobold Delver on June 28, 2021.
             Slain by Terence (11 damage)
             ... on level 1 of the Dungeon.
             The game lasted 00:03:57 (733 turns).

ABBCCCDDDD the Sneak (Kobold Delver)                 Turns: 733, Time: 00:03:58

Health: -1/29      AC:  4    Str:  9    XL:     4   Next: 17%
Magic:  4/4        EV: 15    Int: 12    God:
Gold:   43         SH:  0    Dex: 16    Spells: 3/3 levels left

rFire    . . .     SeeInvis .   a - +0 short sword
rCold    . . .     Faith    .   (shield restricted)
rNeg     . . .     Spirit   .   b - +0 leather armour
rPois    .         Reflect  .   (no helmet)
rElec    .         Harm     .   l - +0 cloak
rCorr    .         Rampage  .   (no gloves)
Will     .....                  (no boots)
Stlth    ++++......             (no amulet)
HPRegen  0.09/turn              (no ring)
MPRegen  0.09/turn              (no ring)

@: no status effects
A: small, no large weapons, nightstalker 3
a: no special abilities


You were on level 1 of the Dungeon.
You visited 1 branch of the dungeon, and saw 5 of its levels.

You collected 43 gold pieces.

Inventory:

Hand Weapons
 a - a +0 short sword (weapon)
 k - a +4 quarterstaff of chaos
Armour
 b - a +0 leather armour (worn)
 l - a +0 cloak (worn)
Wands
 g - a wand of digging (3)
Scrolls
 c - a scroll of fog
 d - a scroll of magic mapping
 e - 3 scrolls of identify {unknown}
 h - a scroll of enchant weapon {unknown}
 j - a scroll of noise {unknown}
Potions
 f - 2 potions of haste
 i - 2 potions of curing {unknown}


   Skills:
 + Level 3.8 Fighting
 + Level 3.6 Short Blades
 + Level 3.2 Dodging
 + Level 7.1 Stealth


You had 3 spell levels left.
You didn't know any spells.
Your spell library was empty.

Dungeon Overview and Level Annotations

Branches:
Dungeon (5/15)
 Temple: D:4-7

Altars:
Elyvilon
Makhleb

Shops:
D:4 *

Annotations:
D:1 Terence
D:2 Sigmund
D:4 exclusions: lemure and ogre, Pikel


Innate Abilities, Weirdness & Mutations

You are small and have problems with some larger weapons.
You are completely attuned to the shadows.


Message History

The giant cockroach bites you.
You hit the giant cockroach.
You kill the giant cockroach!
You start resting.
A worm is nearby!
The worm bites you.
You see here a giant cockroach corpse.
Found 11 stones.
A kobold opens the door.
Terence the Incautious comes into view.
He is wielding a +0 hand axe.
Terence drinks a potion.
Terence goes berserk!
Found a stone staircase leading up.
Terence rages.
Okay, then.
Terence completely misses you.
There is a stone staircase leading up here.
Unknown command.
Unknown command.
Unknown command.
Terence completely misses you.
You climb upwards.
There is a stone staircase leading down here.
Okay, then.
Okay, then.
Terence closely misses you. As you open the door, it creaks loudly!
Terence hits you with a +0 hand axe. Terence barely misses you.
Terence hits you but does no damage.
There is an open door here.
A rat comes into view.
Terence hits you with a +0 hand axe! The rat closely misses you.
You hit the rat.
The rat is heavily wounded.
Terence completely misses you. Terence hits you with a +0 hand axe.
The rat bites you but does no damage.
You hit the rat but do no damage.
The rat is heavily wounded.
Terence hits you with a +0 hand axe!
You die...

#.. #.#
#.#
#####r#
#...#@#
##...#@#
#...##.#
#.>.'..#
#...##.#
##...#.#
#...#.#
##+##.#


You could see Terence (berserk) and a rat.

Vanquished Creatures
  Crazy Yiuf (D:3)
  A hound skeleton (D:5)
  A worm (D:3)
  An orc (D:3)
  2 endoplasms
  A giant cockroach (D:2)
  2 hobgoblins
  A quokka (D:3)
  A bat (D:3)
  A rat (D:3)
12 creatures vanquished.

Vanquished Creatures (others)
  A plant (D:2)
1 creature vanquished.

Grand Total: 13 creatures vanquished

Notes
Turn   | Place    | Note
-------+----------+-------------------------------------------
     0 | D:5      | ABBCCCDDDD the Kobold Delver began the quest for the Orb.
     0 | D:5      | Reached XP level 1. HP: 14/14 MP: 1/1
    76 | D:5      | Reached XP level 2. HP: 19/19 MP: 2/2
   184 | D:5      | Found a burning altar of Makhleb.
   193 | D:5      | Noticed a scorpion
   249 | D:4      | Noticed an ogre
   262 | D:4      | Found Xoagewku's General Store.
   273 | D:4      | Noticed a lemure
   284 | D:4      | Noticed a lemure
   288 | D:4      | Noticed Pikel
   288 | D:4      | Noticed a lemure
   288 | D:4      | Noticed a lemure
   288 | D:4      | Noticed a scorpion
   345 | D:3      | Reached XP level 3. HP: 23/23 MP: 3/3
   385 | D:2      | Found a white marble altar of Elyvilon.
   435 | D:2      | Found a faded altar of an unknown god.
   436 | D:2      | Noticed Sigmund
   544 | D:3      | Found a runed translucent door.
   547 | D:3      | Noticed Crazy Yiuf
   552 | D:3      | Killed Crazy Yiuf
   553 | D:3      | Reached skill level 7 in Stealth
   553 | D:3      | Reached XP level 4. HP: 29/29 MP: 4/4
   711 | D:2      | Noticed Terence
   733 | D:1      | Slain by Terence

Illustrated notes

Levels and vault maps discovered:
D:1:      dpeg_arrival_renting, layout_loops_ring, serial_shops,
          nicolae_shop_crystal, minmay_crystal_water
D:2:      minmay_wonky_spiral, layout_basic, chequers_ecumenical_altar_island,
          serial_forest, infiniplex_forest_corner_2,
          infiniplex_forest_lined_corner, infiniplex_forest_clump_C,
          infiniplex_forest_clump_large, infiniplex_forest_clump_C,
          infiniplex_forest_straight_5, basic_altar, uniq_sigmund, uniq_terence,
          uniq_robin
D:3:      minmay_diamond_boxcup, layout_basic, uniq_crazy_yiuf_cottage
D:4:      layout_cave_pools, minmay_temple_entry_water_ring, serial_shops,
          nicolae_square_shop, nicolae_stop_n_shop_2, nicolae_square_shop,
          nicolae_shop_behind_doors, minmay_misc_feat_doors, uniq_pikel
D:5:      layout_gridville, general_overflow_altar

Skill      XL: |  1  2  3 |
---------------+----------+-----
Short Blades   | 3 |  3.6
Dodging        | 3 |  3.2
Stealth        | 7 |  7.1
Fighting       | |  3.8

Action                   |  1- 3 |  4- 6 || total
-------------------------+-------+-------++-------
Melee: Short sword       |     9 |    24 ||    33
  Use: Scroll            |     1 |       ||     1
 Stab: Sleeping          |     9 |     1 ||    10
Armor: Leather armour    |     4 |     6 ||    10
Dodge: Dodged            |    16 |    20 ||    36

Table legend: (Time is in decaauts)
 A = Elapsed time spent in this place.
 B = Non-inter-level travel time spent in this place.
 C = Inter-level travel time spent in this place.
 D = Time resting spent in this place.
 E = Time spent auto-exploring this place.
 F = Levels seen in this place.
 G = Mean time per level.
                   A        B        C        D        E       F      G
               +--------+--------+--------+--------+--------+-----+--------+
         Total |    732 |    727 |      5 |     46 |    299 |   5 |  146.4 |
       Dungeon |    732 |    727 |      5 |     46 |    299 |   5 |  146.4 |
               +--------+--------+--------+--------+--------+-----+--------+

Top non-repeatable levels by time:
     D:5: 247 daAuts
     D:3: 214 daAuts
     D:2: 193 daAuts
     D:4: 67 daAuts
     D:1: 8 daAuts
